 Dungeon Crawl Stone Soup version 0.25.0-9-g26727b657a (webtiles) character file.

Game seed: 14789472381834015008

11696 Flugkiller the Cleaver (level 11, -8/108 HPs)
             Began as a Deep Dwarf Fighter on June 21, 2020.
             Was an Elder of Makhleb.
             Killed from afar by a blizzard demon (40 damage)
             ... with a bolt of lightning
             ... in a Gauntlet.
             The game lasted 00:05:18 (6693 turns).

Flugkiller the Cleaver (Deep Dwarf Fighter)         Turns: 6693, Time: 00:05:18

Health: -8/108     AC: 14    Str: 23    XL:     11   Next: 52%
Magic:  8/8        EV:  7    Int:  9    God:    Makhleb [****..]
Gold:   368        SH: 12    Dex: 18    Spells: 10/10 levels left

rFire    . . .     SeeInvis +   a - +0 war axe
rCold    + . .     Gourm    .   c - +0 kite shield
rNeg     . . .     Faith    .   m - +0 chain mail
rPois    .         Spirit   .   (helmet restricted)
rElec    .         Reflect  .   (no cloak)
rCorr    .         Harm     .   y - +2 pair of gloves
MR       +....     NoTele   +   (no boots)
Stlth    ..........             f - amulet of the acrobat
HPRegen  0.00/turn              j - +6 ring of dexterity
MPRegen  0.11/turn              i - ring of see invisible

@: mighty, non-regenerating
A: damage resistance, heal wounds, horns 1, talons 1, cold resistance 1, sense
surroundings 2, no regeneration
a: Heal Wounds, Minor Destruction, Lesser Servant of Makhleb, Major Destruction,
Renounce Religion


You were in a Gauntlet.
You worshipped Makhleb.
Makhleb was greatly pleased with you.
You were not hungry.

You visited 3 branches of the dungeon, and saw 13 of its levels.
You also visited: Gauntlet.

You collected 368 gold pieces.

Inventory:

Hand Weapons
 a - a +0 war axe (weapon)
 b - a +2 falchion of flaming
   (You took it off a big kobold on level 8 of the Dungeon)
Missiles
 A - 3 throwing nets (quivered)
Armour
 c - a +0 kite shield (worn)
 m - a +0 chain mail (worn)
   (You found it on level 5 of the Dungeon)
 y - a +2 pair of gloves (worn)
   (You found it on level 7 of the Dungeon)
Jewellery
 f - an amulet of the acrobat (around neck)
   (You found it on level 4 of the Dungeon)
 i - a ring of see invisible (right hand)
   (You found it on level 8 of the Dungeon)
 j - a +6 ring of dexterity (left hand)
   (You found it on level 6 of the Dungeon)
 B - an uncursed ring of poison resistance {unknown}
   (You found it on level 9 of the Dungeon)
Wands
 v - a wand of digging (9)
   (You took it off Ijyb on level 3 of the Dungeon)
Scrolls
 h - a scroll of enchant armour
 p - 2 scrolls of fear {unknown}
 r - 3 scrolls of identify
 t - 6 scrolls of teleportation
 x - 2 scrolls of remove curse
 C - a scroll of fog {unknown}
 D - a scroll of brand weapon {unknown}
Potions
 k - a potion of magic {unknown}
 l - 3 potions of brilliance {unknown}
 n - 2 potions of resistance
 o - 2 potions of lignification {unknown}
 q - 4 potions of curing
 s - a potion of cancellation
 u - a potion of haste {unknown}
 z - a potion of flight {unknown}
Miscellaneous
 g - a tin of tremorstones (3/3)
   (You found it on level 1 of the Lair of Beasts)
Comestibles
 e - 22 rations


   Skills:
 * Level 9.7 Fighting
 * Level 11.2 Axes
 + Level 8.5 Armour
 + Level 8.6 Shields
 + Level 7.5 Invocations
 + Level 0.3 Evocations


You had 10 spell levels left.
You didn't know any spells.
Your spell library was empty.

Dungeon Overview and Level Annotations

Branches:
Dungeon (11/15)            Temple (1/1) D:6            Lair (1/6) D:10
Gauntlet (1/1)
    Orc: D:9-12

Altars:
Ashenzari
Cheibriados
Dithmenos
Elyvilon
Fedhas
Gozag
Hepliaklqana
Kikubaaqudgha
Makhleb
Nemelex Xobeh
Okawaru
Qazlal
Ru
Sif Muna
Trog
Uskayaw
Vehumet
Wu Jian
Xom
Yredelemnul
Zin
The Shining One

Annotations:
Gauntlet 11 transporters, exclusion: lightning spire


Innate Abilities, Weirdness & Mutations

You are resistant to damage.
You can heal yourself by infusing magical energy.
You passively map the area around you.
You do not regenerate.
You have a pair of small horns on your head.
You have sharp toenails.
Your flesh is cold resistant. (rC+)


Message History

The blizzard demon hits you but does no damage.
You block the blizzard demon's attack.
You slice the blizzard demon!! Your kick misses the blizzard demon.
The blizzard demon is severely wounded.
You block the blizzard demon's attack.
The blizzard demon hits you but does no damage.
You hit the blizzard demon but do no damage.
You claw the blizzard demon!
Your headbutt misses the blizzard demon.
The blizzard demon is almost dead.
The white imp lashes its tail.
The blizzard demon gestures at you. The bolt of cold hits you! You resist.
You closely miss the blizzard demon. You headbutt the blizzard demon!
The blizzard demon is almost dead.
The blizzard demon gestures at you. The bolt of lightning hits you!!!
* * * LOW HITPOINT WARNING * * *
The bolt of lightning hits you!!!
You die...

##.8.....8.....8.............
#§...............###########.
##...#########...##.....G.##.
#§...#.......#...#.#^...^#.#.
##...#.......#####..#^..#.[#.
#§...#####'###...#...#^#..!#.
##.8©#©...'.©#©8©#...©#u..©#.
#≈...#.##.5###...#G..#^#..)#.
##...#.##.#2@#####u.#...#..#.
#≈...#....#:=#...#.#^..§.#.#.
##...#########...##.....§.##.
#≈...............###########.
##.8.....8.....8.............
#§§..§§§..............8......
##§#≈#§#≈#≈#≈#§#....§........
################≈#≈#§#≈#≈#≈#
#############


You could see a cyan ugly thing, a blizzard demon, a glowing orange brain and a
white imp.

Vanquished Creatures
  A hydra (D:8)
  A two-headed ogre (D:10)
  An ugly thing (D:8)
  Psyche (D:9)
  A gargoyle (D:10)
  A centaur skeleton (D:10)
  An ice devil (Gauntlet)
  2 trolls
  2 hornets (D:10)
  2 dream sheep (D:8)
  A hippogriff (D:8)
  A wyvern (D:9)
  A wraith (D:10)
  6 yaks
  A basilisk (D:10)
  Menkaure (D:5)
  A sky beast (D:10)
  5 porcupines (D:10)
  2 orc warriors
  3 black bears
  3 phantoms
  5 necrophages
  6 ogres
  2 ice beasts (D:6)
  An eye of draining (D:8)
  2 centaurs
  3 crocodiles (D:10)
  4 big kobolds
  A gnoll sergeant (D:9)
  5 bullfrogs
  A wyvern skeleton (D:7)
  14 killer bees
  2 scorpions
  A water moccasin skeleton (D:9)
  4 wights (D:10)
  3 crimson imps
  A bullfrog zombie (D:2)
  7 hounds
  A jelly (D:9)
  4 orc priests
  A bullfrog skeleton (D:10)
  4 iguanas
  Ijyb (D:3)
  13 orc wizards
  7 worker ants
  A killer bee zombie (D:7)
  3 hound zombies
  3 hound skeletons
  2 howler monkey zombies
  2 worker ant zombies
  9 gnolls
  5 adders
  4 adder skeletons
  A worm (D:5)
  2 dart slugs (D:1)
  8 leopard geckos
  35 orcs
  3 ball pythons
  7 bats
  3 giant cockroaches
  4 goblins
  2 hobgoblins (D:2)
  8 jackals
  3 quokkas
  3 frilled lizards
  A giant cockroach zombie (D:3)
  2 jackal skeletons
  4 kobolds (D:10)
  3 quokka skeletons
  A rat (D:1)
250 creatures vanquished.

Vanquished Creatures (others)
  A fungus (D:10)
  A plant (D:10)
2 creatures vanquished.

Grand Total: 252 creatures vanquished

Notes
Turn   | Place    | Note
-------+----------+-------------------------------------------
     0 | D:1      | Flugkiller the Deep Dwarf Fighter began the quest for the
                  | Orb.
     0 | D:1      | Reached XP level 1. HP: 20/20 MP: 1/1
    52 | D:1      | Found a glowing golden altar of the Shining One.
   313 | D:1      | Reached XP level 2. HP: 25/27 MP: 2/2
   480 | D:2      | Reached XP level 3. HP: 29/34 MP: 3/3
   604 | D:2      | Reached skill level 3 in Axes
   689 | D:3      | Noticed Ijyb
   700 | D:3      | Reached XP level 4. HP: 40/42 MP: 3/3
   700 | D:3      | Killed Ijyb
   712 | D:3      | You fall into a shaft and drop 2 floors!
   712 | D:5      | Entered Level 5 of the Dungeon
   712 | D:5      | Noticed an ogre
   717 | D:5      | Killed an ogre
   717 | D:5      | Reached skill level 4 in Axes
   717 | D:5      | Reached XP level 5. HP: 43/50 MP: 4/4
   725 | D:5      | Found a shattered altar of Ashenzari.
   764 | D:5      | Noticed a phantom
   814 | D:5      | Killed a phantom
   814 | D:5      | Reached XP level 6. HP: 35/57 MP: 5/5
  1117 | D:5      | Noticed Menkaure
  1130 | D:5      | Killed Menkaure
  1130 | D:5      | Reached skill level 5 in Axes
  1278 | D:4      | Reached XP level 7. HP: 32/66 MP: 6/6
  2260 | D:2      | Reached skill level 5 in Fighting
  2356 | D:6      | Reached skill level 5 in Shields
  2383 | D:6      | Reached skill level 5 in Armour
  2434 | D:6      | Reached skill level 6 in Axes
  2453 | D:6      | Reached XP level 8. HP: 52/76 MP: 5/5
  2597 | D:6      | Reached skill level 7 in Axes
  2628 | D:6      | Found a staircase to the Ecumenical Temple.
  2651 | Temple   | Entered the Ecumenical Temple
  2802 | Temple   | Became a worshipper of Makhleb the Destroyer
  2950 | D:6      | Reached skill level 1 in Invocations
  3409 | D:7      | Gained mutation: You passively map the area around you.
                  | [Deep Dwarf growth]
  3409 | D:7      | Reached XP level 9. HP: 64/85 MP: 7/7
  3738 | D:7      | Reached * piety under Makhleb
  3854 | D:8      | Reached skill level 8 in Axes
  3964 | D:8      | Noticed a green ugly thing
  3986 | D:8      | Killed a green ugly thing
  3988 | D:8      | Gained mutation: Your body sometimes deteriorates upon
                  | taking damage. [potion of mutation]
  3988 | D:8      | Gained mutation: Armour fits poorly on your strangely
                  | shaped body. [potion of mutation]
  3988 | D:8      | Gained mutation: You passively map a large area around you.
                  | [potion of mutation]
  3991 | D:8      | Lost mutation: Your body sometimes deteriorates upon taking
                  | damage. [potion of mutation]
  3991 | D:8      | Lost mutation: Armour fits poorly on your strangely shaped
                  | body. [potion of mutation]
  3991 | D:8      | Gained mutation: You have sharp toenails. [potion of
                  | mutation]
  3991 | D:8      | Gained mutation: You occasionally shout uncontrollably at
                  | your foes. [potion of mutation]
  3992 | D:8      | Lost mutation: You occasionally shout uncontrollably at
                  | your foes. [potion of mutation]
  3992 | D:8      | Lost mutation: You passively map a large area around you.
                  | [potion of mutation]
  3992 | D:8      | Gained mutation: You have a pair of small horns on your
                  | head. [potion of mutation]
  3992 | D:8      | Gained mutation: Your flesh is cold resistant. (rC+)
                  | [potion of mutation]
  4092 | D:8      | Found an iron altar of Okawaru.
  4316 | D:8      | Reached skill level 9 in Axes
  4437 | D:8      | Reached ** piety under Makhleb
  4441 | D:8      | Reached XP level 10. HP: 90/96 MP: 6/6
  4473 | D:8      | Noticed a three-headed hydra
  4480 | D:8      | Killed a one-headed hydra
  4480 | D:8      | Reached skill level 5 in Invocations
  4666 | D:9      | Noticed Psyche
  4671 | D:9      | Killed Psyche
  4726 | D:9      | Reached skill level 10 in Axes
  4838 | D:9      | Reached *** piety under Makhleb
  5532 | D:10     | Entered Level 10 of the Dungeon
  5565 | D:10     | Reached XP level 11. HP: 92/105 MP: 7/7
  5621 | D:10     | Reached **** piety under Makhleb
  5839 | D:10     | Paralysed by a hornet for 3 turns
  5892 | D:10     | Reached skill level 11 in Axes
  5937 | D:10     | Found a staircase to the Lair.
  5979 | D:10     | Noticed a two-headed ogre
  5991 | D:10     | Killed a two-headed ogre
  6439 | Lair:1   | Entered Level 1 of the Lair of Beasts
  6451 | Lair:1   | Found a gate leading to a gauntlet.
  6467 | Gauntlet | Entered a Gauntlet
  6467 | Gauntlet | Found a transporter.
  6470 | Gauntlet | Found a transporter.
  6487 | Gauntlet | Found a transporter.
  6490 | Gauntlet | Found a transporter.
  6494 | Gauntlet | Noticed a catoblepas
  6504 | Gauntlet | Noticed a fire crab
  6510 | Gauntlet | Found a transporter.
  6523 | Gauntlet | Found a transporter.
  6533 | Gauntlet | Noticed a glowing orange brain
  6536 | Gauntlet | Found a transporter.
  6539 | Gauntlet | Noticed a glowing orange brain
  6554 | Gauntlet | Noticed a cyan ugly thing
  6556 | Gauntlet | Found a transporter.
  6560 | Gauntlet | Found a transporter.
  6562 | Gauntlet | Found a runed translucent gate.
  6562 | Gauntlet | Found a runed translucent gate.
  6568 | Gauntlet | Found a transporter.
  6578 | Gauntlet | Noticed a blizzard demon
  6580 | Gauntlet | Found a runed translucent gate.
  6591 | Gauntlet | Found a transporter.
  6595 | Gauntlet | Found a transporter.
  6693 | Gauntlet | Killed from afar by a blizzard demon

Illustrated notes

Levels and vault maps discovered:
D:1:      lemuel_arrival_behind_the_door_small, layout_loops_ring,
          tso_metal_star
D:2:      layout_basic
D:3:      kennysheep_six_static_rooms, layout_basic, serial_undead,
          serial_undead_b, serial_undead_a, serial_undead_c, serial_undead_f,
          serial_undead_d, serial_undead_d, serial_undead_c, uniq_grinder,
          uniq_ijyb, uniq_crazy_yiuf_cottage
D:4:      layout_loops_ring, first_ration, minmay_ruptured
D:5:      layout_cave_pools, cheibrodos_ashenzari_chains, uniq_menkaure
D:6:      layout_cave_pools, minmay_temple_entry_stoned_glass,
          lemuel_old_faithful
D:7:      layout_basic
D:8:      layout_rooms, basic_altar, hangedman_ranch [blue_anna_fruit_fields]
D:9:      layout_basic, uniq_psyche
D:10:     layout_long_grid, minmay_lair_entry_grove, serial_glass,
          glass_columns_a, glass_columns_a, glass_columns_a, glass_columns_c,
          glass_columns_b, glass_columns_a
D:11:     layout_gridville, david_orc_3, hangedman_corner_corridor
Temple:   kilobyte_greek_temple
Lair:1:   layout_gridlike, serial_bayou, serial_bayou_pond_c,
          serial_bayou_shore_a, serial_bayou_pond_d, serial_bayou_pond_e,
          gauntlet_entry_generic, st_stairs_8, beast_lair_carwin_10
Gauntlet: minmay_gauntlet_mixed_oops_all_seconds [minmay_gauntlet_arena_77_box,
          gammafunk_gauntlet_arena_hedges, minmay_gauntlet_arena_77_run_for_it,
          gammafunk_gauntlet_arena_corners, minmay_gauntlet_arena_77_two_lines,
          nicolae_gauntlet_arena_x, nicolae_gauntlet_exit_dead_adventurers]

Skill      XL: |  1  2  3  4  5  6  7  8  9 10 11 |
---------------+----------------------------------+-----
Fighting       | 3 4 5 6 7 9 |  9.7
Axes           | 3 4 5 6 7 9 10 11 | 11.2
Armour         | 4 5 6 7 8 |  8.5
Shields        | 4 5 6 7 8 |  8.6
Invocations    | 2 4 6 7 |  7.5
Evocations     | |  0.3

Action                   |  1- 3 |  4- 6 |  7- 9 | 10-12 || total
-------------------------+-------+-------+-------+-------++-------
Melee: War axe           |    69 |    97 |   445 |   331 ||   942
       Kick              |       |       |    24 |   155 ||   179
       Headbutt          |       |       |    11 |   101 ||   112
       Falchion          |       |       |       |    11 ||    11
 Abil: Heal Wounds       |     1 |     3 |    25 |     3 ||    32
  Use: Scroll            |       |       |    11 |     1 ||    12
       Potion            |       |       |     6 |     2 ||     8
 Stab: Distracted        |       |       |       |     1 ||     1
  Eat: Chunk             |       |     1 |    12 |     6 ||    19
       Ration            |       |       |       |     1 ||     1
Armor: Scale mail        |    45 |    26 |       |       ||    71
       Chain mail        |       |    14 |   257 |   191 ||   462
Dodge: Dodged            |    24 |    15 |   118 |   116 ||   273
Block: Kite shield       |    45 |    43 |   305 |   240 ||   633
       Rpst.: Falchion   |       |       |       |     1 ||     1
